 Dungeon Crawl Stone Soup version 0.31-a0-237-g2d982f9f85 (webtiles) character file.

Game seed: 12382477984049935695

114 qw the Shooter (level 4, 0/26 HPs)
             Began as a Gargoyle Hexslinger on July 10, 2023.
             Killed by divine providence
             ... invoked by an orc priest
              (16 damage)
             ... on level 3 of the Dungeon.
             The game lasted 00:01:20 (3149 turns).

qw the Shooter (Gargoyle Hexslinger)                Turns: 3149, Time: 00:01:20

Health: 0/26       AC:  6    Str: 12    XL:     4   Next: 97%
Magic:  5/5        EV: 11    Int: 13    God:
Gold:   151        SH:  0    Dex: 14    Spells: 4/5 levels left

rFire   . . .        Y - +0 sling (freeze)
rCold   . . .        (no shield)
rNeg    + . .        d - +0 leather armour
rPois   inf          (no helmet)
rElec   +            (no cloak)
rCorr   .            (no gloves)
SInv    +            (no boots)
Will    .....        (no amulet)
Stlth   +            h - ring of see invisible
HPRegen 0.24/turn    (no ring)
MPRegen 0.09/turn

%: no passive effects
@: no status effects
A: sickness immunity, AC +3, negative energy resistance 1, electricity
resistance, torment resistance 1, petrification resistance
a: no special abilities


You were on level 3 of the Dungeon.
You visited 1 branch of the dungeon, and saw 3 of its levels.

You collected 151 gold pieces.


Innate Abilities, Weirdness & Mutations

You are immune to sickness and miasma.
Your stone body is resilient. (AC +3)
You are immune to poison.
You resist negative energy. (rN+)
You are resistant to electric shocks. (rElec)
You are resistant to unholy torment.
You are immune to petrification.


   Skills:
 - Level 2.0 Fighting
 + Level 4.7 Ranged Weapons
 - Level 1.5 Dodging
 - Level 1.0 Spellcasting
 - Level 2.6 Hexes


You had 4 spell levels left.
You knew the following spells:

 Your Spells              Type           Power      Damage    Failure   Level
a - Slow                  Hex            28%        N/A       12%         1

Your spell library contained the following spells:

 Spells                   Type           Power      Damage    Failure   Level
 Inner Flame              Hex/Fire       4%         N/A       52%         3
 Portal Projectile        Hex/Tloc       8%         N/A       52%         3
 Cause Fear               Hex            3%         N/A       75%         4

Inventory:

Hand Weapons
 Y - a +0 sling of freezing (weapon)
Armour
 d - a +0 leather armour (worn)
Jewellery
 h - a ring of see invisible (left hand)
Scrolls
 g - a scroll of identify
Potions
 a - a potion of attraction {unknown}
 b - a potion of degeneration {unknown}
 c - a potion of invisibility {unknown}
 e - a potion of lignification {unknown}
 f - a potion of curing {unknown}
 i - a potion of heal wounds {unknown}

Dungeon Overview and Level Annotations

Branches:
Dungeon (3/15)

Altars:
Zin

Shops:
D:1 =(

Annotations:
D:3 Sigmund


Message History

You shoot a sling bullet.
The sling bullet hits the orc priest but does no damage.
You shoot a sling bullet.
The sling bullet hits the orc priest but does no damage.
The orc priest mumbles some strange prayers to Beogh against you.
Pain shoots through your body!
3141 ||| Stepping ~*~*~tactically~*~*~ (outnumbered).
You start resting.
There are monsters nearby!
You shoot a sling bullet. The sling bullet hits the orc priest.
The sling bullet freezes the orc priest.
The orc priest is moderately wounded.
The orc priest miscasts a cantrip.
You shoot a sling bullet. The sling bullet hits the orc.
The sling bullet freezes the orc.
You kill the orc!
You shoot a sling bullet. The sling bullet hits the orc.
The sling bullet freezes the orc.
The orc is moderately wounded.
The orc throws a boomerang.
The boomerang closely misses you. The orc hits you but does no damage.
You shoot a sling bullet. The sling bullet barely misses the orc.
The orc barely misses you.
You shoot a sling bullet. The sling bullet hits the orc!
The sling bullet freezes the orc.
You kill the orc!
The orc hits you but does no damage.
You shoot a sling bullet.
The sling bullet closely misses the orc.
The sling bullet hits the orc priest but does no damage.
The orc priest is moderately wounded.
The orc hits you with a +0 flail. x2
You shoot a sling bullet. The sling bullet hits the orc.
The sling bullet freezes the orc.
The orc is heavily wounded.
The orc closely misses you.
The orc priest calls down the wrath of Beogh upon you.
Beogh smites you!
Ouch! That really hurt!
You die...

## #.# #. >.#
#.####.#
#.#..#.#
.###.#..#.#
.....#..#.#
###...#.########
#.)............#
#@#.##########.#
#o#.o...# #.#


.o..o.oo.oo #.# ##.#...#.### #.# ....... .. #<# ##.?...#. .# #.# ######### # #.#
#.# #.# You could see an orc priest and an orc.

Vanquished Creatures
  3 adders
  2 worms
  3 dart slugs (D:1)
  3 orcs (D:3)
  5 endoplasms
  3 giant cockroaches
  10 goblins
  6 hobgoblins
  4 jackals (D:3)
  7 quokkas
  3 ball pythons
  3 bats
  5 frilled lizards (D:1)
  3 kobolds
  5 rats
65 creatures vanquished.

Notes
Turn   | Place    | Note
-------+----------+-------------------------------------------
     0 | D:1      | qw the Gargoyle Hexslinger began the quest for the Orb.
     0 | D:1      | Reached XP level 1. HP: 12/12 MP: 2/2
     0 | D:1      | 0 ||| qw: Version: 0.3-a-52-g30416fa
     0 | D:1      | 0 ||| qw: Game counter: 5392
     0 | D:1      | 0 ||| qw: Melee chars always use a shield: true
     0 | D:1      | 0 ||| qw: God list: Okawaru
     0 | D:1      | 0 ||| qw: Allow faded altars: false
     0 | D:1      | 0 ||| qw: Do Orc after clearing Dungeon:15 true
     0 | D:1      | 0 ||| qw: Do second Lair branch before Depths: true
     0 | D:1      | 0 ||| qw: Lair rune preference: random
     0 | D:1      | 0 ||| qw: Goals: Normal
     0 | D:1      | 0 ||| PLANNING D:1-11
    40 | D:1      | Found a faded altar of an unknown god.
    65 | D:1      | Reached XP level 2. HP: 16/16 MP: 3/3
   284 | D:1      | Reached skill level 3 in Ranged Weapons
   337 | D:1      | HP: 3/16 [giant cockroach (2)]
   408 | D:1      | Found Niycilad's Antique Weapon Emporium.
   416 | D:1      | Found Hopuhyaf's Jewellery Emporium.
   422 | D:1      | Reached XP level 3. HP: 21/21 MP: 4/4
   423 | D:1      | 423 ||| SHOPLISTING glowing orcbow (162 gold, have 10).
   430 | D:1      | 430 ||| SHOPLISTING +6 ring of dexterity (468 gold, have
                  | 10).
   430 | D:1      | 430 ||| SHOPLISTING ring "Jodut" {Will- MP+9 Str+3 Int-2
                  | Dex+10} (596 gold, have 10).
   430 | D:1      | 430 ||| SHOPLISTING ring of fire (325 gold, have 10).
   430 | D:1      | 430 ||| SHOPLISTING ring of positive energy (260 gold, have
                  | 10).
   430 | D:1      | 430 ||| SHOPLISTING ring of protection from fire (325 gold,
                  | have 10).
   430 | D:1      | 430 ||| SHOPLISTING ring of resist corrosion (260 gold,
                  | have 10).
   874 | D:1      | 874 ||| UPGRADING to +0 leather armour.
   884 | D:1      | 884 ||| DROPPING +0 robe.
   885 | D:1      | 885 ||| READING scroll labelled IMPUHO ZOTA.
   889 | D:1      | 889 ||| DROPPING scroll of poison.
   915 | D:2      | 915 ||| STAIRDANCE
   982 | D:2      | 982 ||| Stepping ~*~*~tactically~*~*~ (outnumbered).
   986 | D:2      | 986 ||| Stepping ~*~*~tactically~*~*~ (outnumbered).
   992 | D:2      | Reached XP level 4. HP: 26/26 MP: 5/5
  1025 | D:2      | 1025 ||| SWAPPING to +0 sling of flaming.
  1026 | D:2      | 1026 ||| DROPPING +1 sling.
  1274 | D:2      | Reached skill level 4 in Ranged Weapons
  1874 | D:2      | 1874 ||| UPGRADING to ring of see invisible.
  1875 | D:2      | 1875 ||| READING scroll labelled QUDORCH HICANLI.
  1876 | D:2      | 1876 ||| READING scroll labelled HUIQUF YQEU.
  1877 | D:2      | 1877 ||| READING scroll labelled LUOTSE BUCHYSK.
  1878 | D:2      | 1878 ||| READING scroll labelled LIAGHI VUIFF.
  2071 | D:3      | Found a glowing silver altar of Zin.
  2356 | D:3      | Noticed Sigmund
  2360 | D:3      | 2360 ||| DROPPING +6 ring of intelligence.
  2370 | D:3      | 2370 ||| FLEEEEING.
  2371 | D:3      | 2371 ||| FLEEEEING.
  2383 | D:3      | HP: 4/26 [Sigmund/puff of flame (9)]
  2384 | D:3      | 2384 ||| READING scroll of teleportation.
  2951 | D:3      | 2951 ||| DROPPING amulet of magic regeneration.
  2977 | D:3      | 2977 ||| STAIRDANCE
  3138 | D:3      | 3138 ||| Stepping ~*~*~tactically~*~*~ (outnumbered).
  3141 | D:3      | 3141 ||| Stepping ~*~*~tactically~*~*~ (outnumbered).
  3149 | D:3      | Killed from afar by an orc priest

Levels and vault maps discovered:
D:1:      scummos_arrival_simple_crosswalls, layout_basic,
          chequers_ecumenical_altar_island, serial_shops, nicolae_shop_stone,
          shop
D:2:      kennysheep_the_goblin_king, layout_loops_corners, grunt_ministairs_8,
          hangedman_decor_growths
D:3:      layout_basic, mainiacjoe_overflow_tiny_flanked, hangedman_glass_teeth,
          minmay_between, uniq_sigmund

Skill      XL: |  1  2  3  4 |
---------------+-------------+-----
Ranged Weapons | 3 4 |  4.7
Fighting       | 2 |  2.0
Dodging        | |  1.5
Spellcasting   | |  1.0
Hexes          | |  2.6

Action                     |  1- 3 |  4- 6 || total
---------------------------+-------+-------++-------
   Fire: Sling             |   115 |   129 ||   244
    Use: Scroll            |     1 |     5 ||     6
 Armour: Robe              |    13 |       ||    13
         Leather armour    |    13 |    28 ||    41
  Dodge: Dodged            |    48 |    37 ||    85

Table legend:
 A = Non-vault XP
 B = Vault XP
 C = Vault XP percentage of total XP
 D = Non-vault monster count
 E = Vault monster count
 F = Vault count percentage of total count
                 A         B        C        D         E       F
            +---------+---------+-------+---------+---------+-------
      Total |     101 |      62 |  38.0 |      51 |      14 |  21.5
            +---------+---------+-------+---------+---------+-------
        D:1 |      48 |      27 |  36.0 |      26 |       2 |   7.1
        D:2 |      15 |      13 |  46.4 |       7 |       7 |  50.0
        D:3 |      38 |      22 |  36.7 |      18 |       5 |  21.7
            +---------+---------+-------+---------+---------+-------
